 Dungeon Crawl Stone Soup version 0.21-a0-630-g344d351 (webtiles) character file.

6 KristoblXynda the Charmwright (level 1, 0/10 HPs)
             Began as a Spriggan Skald on Dec 25, 2017.
             Slain by a jackal (2 damage)
             ... on level 1 of the Dungeon.
             The game lasted 00:00:28 (117 turns).

KristoblXynda the Charmwright (Spriggan Skald)       Turns: 117, Time: 00:00:28

Health: 0/10       AC:  2    Str:  7    XL:     1   Next: 75%
Magic:  1/5        EV: 19    Int: 14    God:
Gold:   13         SH:  0    Dex: 15    Spells: 4/5 levels left

rFire    . . .     SeeInvis +   a - +0 short sword
rCold    . . .     Gourm    .   (shield restricted)
rNeg     . . .     Faith    .   b - +0 robe
rPois    .         Spirit   .   (helmet restricted)
rElec    .         Reflect  .   (no cloak)
rCorr    .         Harm     .   (gloves unavailable)
MR       .....                  (boots unavailable)
Stlth    +.........             (no amulet)
HPRegen  0.03/turn              (no ring)
MPRegen  0.09/turn              (no ring)

@: infused, very quick
A: very small, unfitting armour, see invisible, herbivore, speed 3, slow
metabolism 2
a: no special abilities


You were on level 1 of the Dungeon.
You were not hungry.

You visited 1 branch of the dungeon, and saw 1 of its levels.

You collected 13 gold pieces.

Inventory:

Hand Weapons
 a - a +0 short sword (weapon)
Armour
 b - a +0 robe (worn)
Scrolls
 e - a scroll of blinking {unknown}
 f - a scroll of teleportation {unknown}
Books
 c - a book of Battle

   Spells                             Type                      Level
   a - Infusion                       Charms                       1
   b - Shroud of Golubria             Charms/Translocation         2
   c - Song of Slaying                Charms                       2
   d - Spectral Weapon                Hexes/Charms                 3
   e - Regeneration                   Charms/Necromancy            3
Comestibles
 d - 2 rations


   Skills:
 - Level 1.5 Fighting
 + Level 2.5 Short Blades
 + Level 3.9 Dodging
 - Level 2.6 Spellcasting
 - Level 4.4 Charms


You had 4 spell levels left.
You knew the following spells:

 Your Spells              Type           Power        Failure   Level  Hunger
a - Infusion              Chrm           ##..         3%          1    #......


Dungeon Overview and Level Annotations

Branches:
Dungeon (1/15)

Altars:


Innate Abilities, Weirdness & Mutations

You are very small and have problems with some larger weapons.
You are too small for most types of armour.
You have supernaturally acute eyesight. (SInv)
You are a herbivore.
You cover ground extremely quickly.
You need consume almost no food.


Message History

The ball python constricts you.
You closely miss the ball python.
The ball python is severely wounded.
The ball python bites you.
* * * LOW HITPOINT WARNING * * *
The ball python constricts you.
You barely miss the ball python.
The ball python is severely wounded.
The ball python closely misses you. The ball python constricts you.
You hit the ball python!
You kill the ball python!
You barely miss the jackal. The jackal completely misses you.
You closely miss the jackal. The jackal closely misses you.
You hit the jackal.
You kill the jackal!
The hobgoblin misses you.
You hit the jackal.
The jackal is heavily wounded.
The jackal bites you.
You die...

....).......###...# #
##.#.# #......##...##.###
...#.# #..>.............#
#..#.###......##.#.##.#.#
#.....#......###.#(# #
†g........####.....##.#
#.#...#...............#
#.##.###.#####.#g#.####
#.#...##.#####.#@#.#
#...#.......h.h#h#.#
#.#...##.......hh#.#
#.##.###.####..###.#
..##.##h.. #..# #?######
# #.##.h.. #..#
#....†.#.## #....h......#
###...........
.........#.##
#.####.##### ###.h...#.#
#.# .#


You could see 3 jackals and a hobgoblin.

Vanquished Creatures
  A bat (D:1)
  2 giant cockroaches (D:1)
  A jackal (D:1)
  A ball python (D:1)
5 creatures vanquished.

Notes
Turn   | Place    | Note
-------+----------+-------------------------------------------
     0 | D:1      | KristoblXynda the Spriggan Skald began the quest for the Orb.
     0 | D:1      | Reached XP level 1. HP: 10/10 MP: 5/5
   117 | D:1      | Slain by a jackal

Vault maps used:
D:1:      lemuel_arrival_room

Action                   || total
-------------------------++-------
Melee: Short sword       ||    32
 Cast: Infusion          ||     1
Armor: Robe              ||     3
Dodge: Dodged            ||    30

Table legend:
 A = Spawn XP
 B = Non-spawn XP
 C = Spawn XP percentage of total XP
 D = Spawn monster count
 E = Non-spawn monster count
 F = Spawn count percentage of total count
 G = Total turns spent on level
                    A         B        C        D         E        F      G
               +---------+---------+-------+---------+---------+-------+---------
         Total |       0 |       9 |   0.0 |       0 |       5 |   0.0 |   117
               +---------+---------+-------+---------+---------+-------+---------
           D:1 |       0 |       9 |   0.0 |       0 |       5 |   0.0 |   117
               +---------+---------+-------+---------+---------+-------+---------
